 Dungeon Crawl Stone Soup version 0.24-a0-499-g1074bba3cf (webtiles) character file.

Game seed: 12062064488170096024

399 KristoblXynda the Slasher (level 6, 0/52 HPs)
             Began as a Draconian Gladiator on July 14, 2019.
             Was a Follower of Cheibriados.
             Slain by a gnoll
             ... wielding a +3 whip
              (11 damage)
             ... on level 3 of the Dungeon.
             The game lasted 00:07:15 (3555 turns).

KristoblXynda the Slasher (Draconian Gladiator)     Turns: 3555, Time: 00:07:16

Health: 0/52       AC:  7    Str: 19    XL:     6   Next: 53%
Magic:  6/6        EV: 14    Int: 12    God:    Cheibriados [*.....]
Gold:   255        SH:  0    Dex: 14    Spells: 5/5 levels left

rFire    . . .     SeeInvis .   a - +0 long sword
rCold    . . .     Gourm    .   (no shield)
rNeg     . . .     Faith    .   (armour unavailable)
rPois    .         Spirit   .   b - +0 hat
rElec    .         Reflect  .   (no cloak)
rCorr    .         Harm     .   (no gloves)
MR       .....                  l - +0 pair of boots
Stlth    +.........             (no amulet)
HPRegen  0.17/turn              (no ring)
MPRegen  0.10/turn              (no ring)

@: very slow
A: unfitting armour, cold-blooded, AC +6
a: Bend Time, Renounce Religion


You were on level 3 of the Dungeon.
You worshipped Cheibriados.
Cheibriados was aware of your devotion.
You were hungry.

You visited 1 branch of the dungeon, and saw 4 of its levels.

You collected 255 gold pieces.

Inventory:

Hand Weapons
 a - a +0 long sword (weapon)
Missiles
 c - 3 throwing nets (quivered)
Armour
 b - a +0 hat (worn)
 l - a +0 pair of boots (worn)
Jewellery
 p - an uncursed amulet of harm {unknown}
 r - an uncursed ring of protection from cold {unknown}
Scrolls
 e - a scroll of magic mapping {unknown}
 f - a scroll of fog {unknown}
 h - 3 scrolls of identify
 i - a scroll of noise {unknown}
 k - 5 scrolls of teleportation {unknown}
 m - a scroll of remove curse {unknown}
 n - 2 scrolls of enchant armour {unknown}
 o - a scroll of random uselessness {unknown}
Potions
 g - 2 potions of curing
 j - 3 potions of heal wounds
 s - a potion of brilliance {unknown}
Comestibles
 d - 6 rations


   Skills:
 - Level 4.0 Fighting
 * Level 5.7 Long Blades
 - Level 2.0 Throwing
 + Level 4.0 Dodging
 + Level 0.2 Invocations


You had 5 spell levels left.
You didn't know any spells.
Your spell library was empty.

Dungeon Overview and Level Annotations

Branches:
Dungeon (4/15)
 Temple: D:4-7

Altars:
Cheibriados
Hepliaklqana
Okawaru
Wu Jian
The Shining One

Shops:
D:4 [


Innate Abilities, Weirdness & Mutations

Your plain brown scales are hard. (AC +6)
You cannot fit into any form of body armour.
You are cold-blooded and may be slowed by cold attacks.


Message History

You barely miss the gnoll shaman.
The gnoll shaman is heavily wounded.
The gnoll shaman hits you with a +0 whip.
The gnoll shaman closely misses you.
You riposte.
You barely miss the gnoll shaman.
The gnoll shaman is heavily wounded.
The gnoll hits you with a +3 whip!
You climb upwards.
There is a stone staircase leading down here.
You closely miss the gnoll shaman.
The gnoll shaman is heavily wounded.
The gnoll shaman barely misses you. The gnoll completely misses you.
The gnoll shaman misses you.
You hit the gnoll shaman.
The gnoll shaman is severely wounded.
The gnoll hits you with a +3 whip!
* * * LOW HITPOINT WARNING * * *
The gnoll shaman mumbles some strange prayers to its god against you.
You resist with some effort. The gnoll hits you with a +3 whip!
You die...

####### #......# #.##.. ......#
#......#### ###.##.. ......#
#.........#######....'.. ......#
#...................##..
......####..................(#...
.........#...................#...
+#.......#...................+...
.#.......#..........[........#.#'
.#########.....g@g...........#.#.
.# #......###............#. ##
#.)...........###'###.#.
#####'#######.###.# #.#.
#######.# #.....# #.## ######
#.....#.# ####### #.#.
.....####.#.##.# #.####.##
###.......#.##.# #...##.##
.....######.##.# ###.##.##


You could see a gnoll shaman and a gnoll.

Vanquished Creatures
  Sigmund (D:2)
  A hound (D:4)
  2 worker ants (D:4)
  A hound skeleton (D:4)
  3 adders (D:2)
  An ooze (D:3)
  4 worms
  4 dart slugs
  5 leopard geckos
  2 orcs
  5 giant cockroaches
  13 goblins
  9 hobgoblins
  4 jackals (D:2)
  6 kobolds
  A quokka (D:2)
  A ball python (D:2)
  7 bats
  11 frilled lizards
  9 rats
90 creatures vanquished.

Notes
Turn   | Place    | Note
-------+----------+-------------------------------------------
     0 | D:1      | KristoblXynda the Draconian Gladiator began the quest for
                  | the Orb.
     0 | D:1      | Reached XP level 1. HP: 17/17 MP: 1/1
   267 | D:1      | Reached XP level 2. HP: 24/24 MP: 2/2
   637 | D:1      | Reached XP level 3. HP: 23/30 MP: 3/3
   926 | D:2      | Found a faded altar of an unknown god.
   929 | D:2      | Found a snail-covered altar of Cheibriados.
   931 | D:2      | Found an ornate altar of the Wu Jian Council.
   945 | D:2      | Noticed Sigmund
   998 | D:2      | Killed Sigmund
   998 | D:2      | Reached skill level 4 in Long Blades
   998 | D:2      | Reached XP level 4. HP: 6/38 MP: 4/4
   998 | D:2      | Reached XP level 5. HP: 7/45 MP: 5/5
  1158 | D:2      | Reached skill level 5 in Long Blades
  1634 | D:2      | Found a glowing golden altar of the Shining One.
  1635 | D:2      | Found an iron altar of Okawaru.
  1881 | D:2      | Reached XP level 6. HP: 51/52 MP: 6/6
  2254 | D:2      | Became a worshipper of Cheibriados the Contemplative
  2353 | D:3      | Found a hazy altar of Hepliaklqana.
  3103 | D:4      | Reached * piety under Cheibriados
  3215 | D:4      | Found Elleidoeggi's Armour Emporium.
  3547 | D:4      | Identified the +5 ring mail "Ysiquef" {*Drain rPois rF+++
                  | Stlth+}
  3555 | D:3      | Slain by a gnoll

Levels and vault maps discovered:
D:1:      scummos_arrival_checkerplants, layout_loops_corners
D:2:      layout_loops_ring, nicolae_overflow_hidden_temple,
          chequers_ecumenical_altar_simple, kennysheep_small_spiral,
          minmay_lizard_king, uniq_sigmund
D:3:      layout_basic, lemuel_round_altar
D:4:      layout_loops_cross, first_ration, serial_shops, shop,
          nrook_loot_triangle

Skill      XL: |  1  2  3  4  5  6 |
---------------+-------------------+-----
Throwing       | 2 |  2.0
Dodging        | 3 4 |  4.0
Fighting       | 3 4 |  4.0
Long Blades    | 4 5 |  5.7
Invocations    | |  0.2

Action                   |  1- 3 |  4- 6 || total
-------------------------+-------+-------++-------
Melee: Long sword        |    53 |   172 ||   225
       Tailslap          |    12 |    18 ||    30
Throw: Throwing net      |     2 |       ||     2
  Use: Potion            |     3 |       ||     3
       Scroll            |       |     1 ||     1
 Stab: Sleeping          |     2 |     1 ||     3
  Eat: Chunk             |       |     8 ||     8
Armor: Skin              |    29 |    44 ||    73
Dodge: Dodged            |    45 |   139 ||   184
       Rpst.: Long sword |    13 |    49 ||    62

Table legend:
 A = Non-vault XP
 B = Vault XP
 C = Vault XP percentage of total XP
 D = Non-vault monster count
 E = Vault monster count
 F = Vault count percentage of total count
                 A         B        C        D         E       F
            +---------+---------+-------+---------+---------+-------
      Total |     330 |     240 |  42.1 |      82 |       8 |   8.9
            +---------+---------+-------+---------+---------+-------
        D:1 |      46 |       0 |   0.0 |      26 |       0 |   0.0
        D:2 |     103 |     240 |  70.0 |      34 |       8 |  19.0
        D:3 |      36 |       0 |   0.0 |      14 |       0 |   0.0
        D:4 |     145 |       0 |   0.0 |       8 |       0 |   0.0
            +---------+---------+-------+---------+---------+-------
